 Dungeon Crawl Stone Soup version 0.27.0-65-ge2af304b15 (webtiles) character file.

Game seed: 7179829034784260131

538 Malachi the Covert (level 7, -2/48 HPs)
             Began as an Octopode Brigand on Aug 19, 2021.
             Was a Follower of Ashenzari.
             Splashed by a jelly's acid (11 damage)
             ... on level 5 of the Dungeon.
             The game lasted 00:06:23 (4372 turns).

Malachi the Covert (Octopode Brigand)               Turns: 4372, Time: 00:06:24

Health: -2/48      AC: -3    Str: 10    XL:     7   Next: 26%
Magic:  7/7        EV: 17    Int: 16    God:    Ashenzari [*.....]
Gold:   251        SH:  0    Dex: 13    Spells: 6/6 levels left

rFire    . . .     SeeInvis .   a - +2 dagger
rCold    . . .     Faith    .   (no shield)
rNeg     + . .     Spirit   .   (helmet restricted)
rPois    .         Reflect  .   (no amulet)
rElec    .         Harm     .   e - ring of the Sky {EV+4, Cun, Alch} (curse)
rCorr    .         Rampage  .   d - ring "Hedonism of the Sky" {rN+, Self, Evo} (curse)
Will     .....                  (no ring)
Stlth    +++++.....             (no ring)
HPRegen  0.16/turn              (no ring)
MPRegen  0.10/turn              (no ring)
                                (no ring)
                                (no ring)

@: corroded
A: almost no armour, amphibious, 8 rings, camouflage 1, gelatinous body 1,
(nimble swimmer 1), tentacles
a: Renounce Religion, Curse Item, Shatter the Chains


You were on level 5 of the Dungeon.
You worshipped Ashenzari.
Ashenzari was aware of your devotion.
You visited 1 branch of the dungeon, and saw 5 of its levels.

You collected 251 gold pieces.

Inventory:

Hand Weapons
 a - a +2 dagger (weapon)
Missiles
 b - 19 poisoned darts (quivered)
 c - 2 curare-tipped darts
Jewellery
 d - the cursed ring "Hedonism of the Sky" (right tentacle) {rN+, Self, Evo}
   (You found it on level 1 of the Dungeon)

   [ring of positive energy]

   rN:        It protects you from negative energy.
   It has a curse which improves the following skills: Introspection: Fighting
   and Spellcasting.
   Evocations: Evocations.
 e - the cursed ring of the Sky (left tentacle) {EV+4, Cun, Alch}
   (You found it on level 1 of the Dungeon)

   [ring of evasion]

   EV:        It affects your evasion (+4).
   It has a curse which improves the following skills: Cunning: Dodging and
   Stealth.
   Alchemy:   Poison Magic and Transmutations.
 g - a ring of resist corrosion
Scrolls
 i - a scroll of magic mapping
 j - 2 scrolls of fog
 k - 2 scrolls of fear
 l - a scroll of silence
 n - a scroll of teleportation
Potions
 f - a potion of resistance
 h - 6 potions of curing
 m - a potion of berserk rage


   Skills:
 + Level 3.1(4.0) Fighting
 + Level 4.1 Short Blades
 + Level 2.0 Throwing
 + Level 1.8(2.6) Dodging
 + Level 9.8(10.7) Stealth


You had 6 spell levels left.
You didn't know any spells.
Your spell library contained the following spells:

 Spells                   Type           Power      Damage    Failure   Level
 Sandblast                Erth           0%         2d4       26%         1
 Blink                    Tloc           N/A        N/A       36%         2
 Passwall                 Tmut/Erth      0%         N/A       36%         2
 Lee's Rapid Deconstruct  Erth           0%         3d5*      100%        5
 Manifold Assault         Tloc           0%         N/A       100%        5
 Storm Form               Tmut/Air       0%         N/A       100%        7


Dungeon Overview and Level Annotations

Branches:
Dungeon (5/15)             Temple (0/1) D:4

Altars:
Ashenzari


Innate Abilities, Weirdness & Mutations

You cannot wear most types of armour.
You are amphibious.
You can wear up to eight rings at the same time.
Your skin changes colour to match your surroundings (Stealth+).
Your rubbery body absorbs attacks. (AC +1, EV +1)
((You are camouflaged near water. (Stealth+)))
You have tentacles for arms and can constrict up to eight enemies at once.


Message History

Press: ? - help, Q - select action, (/) - cycle Shift-Dir - straight line, f/p - jelly
Aim: a jelly (90% to hit)
You throw a poisoned dart. The poisoned dart hits the jelly.
The jelly is poisoned.
Unknown command.
Throw: 22 darts (poison)
Press: ? - help, Q - select action, (/) - cycle Shift-Dir - straight line, f/p - jelly
Aim: a jelly (poisoned, 90% to hit)
You throw a poisoned dart. The poisoned dart hits the jelly.
Unknown command.
Throw: 21 darts (poison)
Press: ? - help, Q - select action, (/) - cycle Shift-Dir - straight line, f/p - jelly
Aim: a jelly (poisoned, 90% to hit)
You throw a poisoned dart. The poisoned dart hits the jelly.
The jelly looks even sicker.
Unknown command.
Throw: 20 darts (poison)
Press: ? - help, Q - select action, (/) - cycle Shift-Dir - straight line, f/p - jelly
Aim: a jelly (very poisoned, 90% to hit)
You throw a poisoned dart. The poisoned dart hits the jelly.
Unknown command.
You hit the jelly.
Your tentacles burn!
You squeeze the jelly, but do no damage.
The jelly is lightly wounded.
The jelly misses you.
You hit the jelly.
Your tentacles burn!
The jelly is lightly wounded.
The jelly barely misses you.
You hit the jelly.
Your tentacles burn!
The jelly is heavily wounded.
You hit the jelly.
Your tentacles burn!
The jelly is heavily wounded.
The jelly hits you.
You are splashed with acid!
You hit the jelly. The acid corrodes you!
Your tentacles burn!
* * * LOW HITPOINT WARNING * * *
The jelly is severely wounded.
The jelly hits you.
* * * LOW HITPOINT WARNING * * *
You are splashed with acid!
You die...

#######
#.....#
#.....#
#.....# ..$ ##
.(######.....#
... ..#
#.((.(J@..<..#
..##.[#.
.............#
.......$
......##.....#
........
..###.
........#
........ . .
#..###....
.......# ..
.... ...
........ ..
...!# ..
...####. ...
..... . #..#
....##


You could see a jelly (very poisoned).

Vanquished Creatures
  A black bear (D:4)
  A necrophage (D:4)
  2 scorpions
  An orc priest (D:3)
  An iguana (D:4)
  An orc wizard (D:3)
  4 gnolls
  4 adders
  An ufetubus (D:4)
  An adder skeleton (D:4)
  A worm (D:2)
  5 dart slugs
  6 orcs
  4 endoplasms
  2 giant cockroaches
  7 goblins
  6 hobgoblins
  2 jackals (D:4)
  4 quokkas
  7 ball pythons
  4 bats
  2 frilled lizards (D:1)
  5 kobolds
  3 rats
75 creatures vanquished.

Notes
Turn   | Place    | Note
-------+----------+-------------------------------------------
     0 | D:1      | Malachi the Octopode Brigand began the quest for the Orb.
     0 | D:1      | Reached XP level 1. HP: 14/14 MP: 1/1
   118 | D:1      | Found a faded altar of an unknown god.
   132 | D:1      | Reached XP level 2. HP: 11/19 MP: 2/2
   147 | D:1      | Became a worshipper of Ashenzari the Shackled
   327 | D:1      | Reached skill level 6 in Stealth
   891 | D:2      | Reached XP level 3. HP: 23/24 MP: 3/3
   939 | D:2      | Reached * piety under Ashenzari
  1388 | D:2      | Noticed a scorpion
  1395 | D:2      | Killed a scorpion
  1396 | D:2      | Reached skill level 7 in Stealth
  1396 | D:2      | Reached XP level 4. HP: 31/31 MP: 4/4
  1538 | D:2      | Reached XP level 5. HP: 36/36 MP: 5/5
  1969 | D:3      | Reached skill level 8 in Stealth
  2593 | D:3      | Found a broken altar of Ashenzari.
  2695 | D:4      | Reached XP level 6. HP: 21/42 MP: 6/6
  2914 | D:4      | Noticed a necrophage
  2952 | D:4      | Killed a necrophage
  2953 | D:4      | Reached skill level 9 in Stealth
  3148 | D:4      | Found a staircase to the Ecumenical Temple.
  3196 | D:4      | Noticed a black bear
  3209 | D:4      | Killed a black bear
  3210 | D:4      | Reached XP level 7. HP: 31/47 MP: 7/7
  3758 | D:5      | Entered Level 5 of the Dungeon
  4372 | D:5      | Splashed by a jelly's acid

Illustrated notes

Levels and vault maps discovered:
D:1:      amcnicky_arrival_blooded_trapdoor, layout_basic,
          chequers_ecumenical_altar_simple
D:2:      layout_basic, minmay_cupped
D:3:      layout_loops_ring, general_overflow_altar, minivault_24,
          minmay_misc_feat_rows, amcnicky_mini_pool_small,
          minmay_close_crescents
D:4:      layout_basic, minmay_temple_entry_mist
D:5:      layout_rooms, nemelex_spade_bored_becter, minmay_liquid_box,
          uniq_blork_the_orc, uniq_duvessa, uniq_eustachio

Skill      XL: |  1  2  3  4  5  6 |
---------------+-------------------+-----
Stealth        | 6 7 8 9 |  9.8
Short Blades   | 3 4 |  4.1
Fighting       | 3 |  3.1
Throwing       | |  2.0
Dodging        | |  1.8

Action                   |  1- 3 |  4- 6 |  7- 9 || total
-------------------------+-------+-------+-------++-------
Melee: Dagger            |    64 |    78 |    31 ||   173
       Constrict         |    12 |    19 |     2 ||    33
       Tentacles         |     6 |    13 |     2 ||    21
Throw: Dart              |       |       |     6 ||     6
Invok: Curse Item        |     2 |       |       ||     2
  Use: Potion            |       |     1 |       ||     1
 Stab: Sleeping          |    12 |    16 |     5 ||    33
       Invisible         |       |     3 |       ||     3
Armor: Skin              |     3 |     2 |       ||     5
Dodge: Dodged            |    27 |    38 |    15 ||    80
